 Dungeon Crawl Stone Soup version 0.27.0-1-g7a089689b8 (webtiles) character file.

Game seed: 7010596122699977088

646 oldmanjim the Skirmisher (level 7, -4/74 (75) HPs)
             Began as an Ogre Enchanter on Aug 14, 2021.
             Was an Initiate of Gozag.
             Slain by an ogre (24 damage)
             ... on level 5 of the Dungeon on Aug 15, 2021.
             The game lasted 00:40:01 (5766 turns).

oldmanjim the Skirmisher (Ogre Enchanter)           Turns: 5766, Time: 00:40:02

HP:   -4/74 (75)    AC:  4    Str: 15    XL:     7   Next: 52%
MP:   0/14          EV: 10    Int: 22    God:    Gozag
Gold: 287           SH:  0    Dex:  9    Spells: 10/16 levels left

rFire    . . .     SeeInvis .   a - +4 dagger
rCold    . . .     Faith    .   (no shield)
rNeg     . . .     Spirit   +   b - +0 robe
rPois    .         Reflect  .   (helmet restricted)
rElec    .         Harm     .   o - +0 cloak
rCorr    .         Rampage  .   (gloves unavailable)
Will     .....                  (boots unavailable)
Stlth    ++........             x - amulet of guardian spirit
HPRegen  0.22/turn              v - +6 ring of intelligence
MPRegen  0.14/turn              (no ring)

@: lightly drained
A: large, unfitting armour, tough skin 1
a: Renounce Religion, Potion Petition, Call Merchant, Bribe Branch


You were on level 5 of the Dungeon.
You worshipped Gozag.
Gozag was aware of your devotion.
You visited 2 branches of the dungeon, and saw 6 of its levels.

You collected 375 gold pieces.
You spent 30 gold pieces at shops.
You paid 58 gold pieces to Gozag.

Inventory:

Hand Weapons
 a - a +4 dagger (weapon)
 p - a +0 hunting sling
 z - a +1 dagger
 A - a +2 dagger of draining
Missiles
 g - 88 stones
 h - 4 javelins
 m - 3 boomerangs of dispersal
 q - a poisoned dart (quivered)
 C - 4 boomerangs
Armour
 b - a +0 robe (worn)
 o - a +0 cloak (worn)
Jewellery
 v - a +6 ring of intelligence (left hand)
 x - an amulet of guardian spirit (around neck)
Wands
 D - a wand of acid (5)
Scrolls
 c - a scroll of immolation
 l - a scroll of fear
 n - 2 scrolls of teleportation
 s - a scroll of vulnerability {unknown}
 u - a scroll of noise {unknown}
 y - a scroll of acquirement {unknown}
Potions
 e - a potion of heal wounds
 f - 2 potions of might
 i - a potion of curing {unknown}
 j - a potion of magic
 k - a potion of degeneration {unknown}
 r - a potion of experience {unknown}
 t - a potion of invisibility {unknown}
 w - a potion of ambrosia {unknown}


   Skills:
 - Level 6.0 Fighting
 - Level 0.8 Short Blades
 + Level 3.2 Dodging
 - Level 2.1 Stealth
 - Level 5.0 Spellcasting
 - Level 2.0 Conjurations
 - Level 3.0 Hexes
 - Level 2.0 Ice Magic


You had 10 spell levels left.
You knew the following spells:

 Your Spells              Type           Power      Damage    Failure   Level
a - Corona                Hex            20%        N/A       3%          1
b - Ensorcelled Hibernat  Hex/Ice        32%        N/A       5%          2
c - Dazzling Flash        Conj/Hex       32%        N/A       11%         3

Your spell library contained the following spells:

 Spells                   Type           Power      Damage    Failure   Level
 Confusing Touch          Hex            18%        N/A       9%          3
 Tukima's Dance           Hex            18%        N/A       9%          3
 Static Discharge         Conj/Air       9%         N/A       10%         2
 Sublimation of Blood     Necr           2%         N/A       16%         2
 Wereblood                Tmut           5%         N/A       16%         2
 Lightning Bolt           Conj/Air       4%         1d16      88%         5
 Summon Hydra             Summ           2%         N/A       100%        7
 Maxwell's Capacitive Co  Air            2%         ∞         100%        8


Dungeon Overview and Level Annotations

Branches:
Dungeon (5/15)             Temple (1/1) D:4

Altars:
Ashenzari
Cheibriados
Dithmenos
Elyvilon
Fedhas
Gozag
Hepliaklqana
Kikubaaqudgha
Makhleb
Nemelex Xobeh
Okawaru
Qazlal
Sif Muna
Trog
Uskayaw
Vehumet
Wu Jian
Xom
Yredelemnul
Zin
The Shining One

Shops:
D:2 *   D:3 [

Annotations:
D:5 3 runed translucent doors, Strat's ghost, amateur MiMo


Innate Abilities, Weirdness & Mutations

You are too large for most types of armour.
You have tough skin. (AC +1)


Message History

Press: ? - help, Q - select action, (/) - cycle Shift-Dir - straight line, f/p - ogre
Aim: an ogre, wielding a +0 giant club (lightly wounded, poisoned, 73% to hit)
You throw a poisoned dart. The poisoned dart hits the ogre.
The ogre looks even sicker.
The ogre is lightly wounded.
Throw: 2 darts (poison)
Press: ? - help, Q - select action, (/) - cycle Shift-Dir - straight line, f/p - ogre
Aim: an ogre, wielding a +0 giant club (lightly wounded, very poisoned, 73% to hit)
You throw a poisoned dart. The poisoned dart hits the ogre.
The ogre is lightly wounded.
Casting: Dazzling Flash (dangerous; 11% risk of failure)
Confirm with . or Enter, or press ? or * to list all spells.
Aiming: Ensorcelled Hibernation (safe; 5% risk of failure)
Press: ? - help, Shift-Dir - straight line, f/p - ogre
Aim: an ogre, wielding a +0 giant club (lightly wounded, very poisoned, chance to affect: 47%)
The ogre resists with some effort.
The ogre hits you with a +0 giant club!!
Casting: Ensorcelled Hibernation (safe; 5% risk of failure)
Confirm with . or Enter, or press ? or * to list all spells.
Aiming: Ensorcelled Hibernation (safe; 5% risk of failure)
Press: ? - help, Shift-Dir - straight line, f/p - ogre
Aim: an ogre, wielding a +0 giant club (lightly wounded, very poisoned, chance to affect: 47%)
The ogre looks drowsy...
The helpless ogre fails to defend itself.
You puncture the ogre!
The ogre is severely wounded.
The ogre hits you with a +0 giant club!
Casting: Ensorcelled Hibernation (safe; 5% risk of failure)
Confirm with . or Enter, or press ? or * to list all spells.
The ogre hits you with a +0 giant club!!
* * * LOW HITPOINT WARNING * * *
Casting: Dazzling Flash (dangerous; 11% risk of failure)
Confirm with . or Enter, or press ? or * to list all spells.
You don't have enough magic to cast this spell.
Unknown command.
You hit the ogre.
The ogre is almost dead.
The ogre hits you with a +0 giant club!!
You die...
Your body crumbles into a pile of gold.

#....... #.# #)......
#.# #.....<. #.#
########
#.#############
#..............
##(.####.##.##.#
####...####.##.##.#
#.@O...........##.#
#.#########.#####.#
...#..W5.$.#.#####.#
###.#..o$$..#.......#
#.#.......#.#######
..#.......#.#
...#.......#.#
...#.......#.#
......#.#


You could see an ogre (poisoned).

Vanquished Creatures
  Sigmund (D:4)
  2 black bears (D:4)
  A kobold brigand (D:4)
  A bullfrog zombie (D:5)
  A bullfrog skeleton (D:4)
  An orc wizard (D:5)
  7 adders
  An ufetubus (D:4)
  An adder skeleton (D:4)
  A worm (D:4)
  7 dart slugs (D:4)
  8 orcs
  9 ball pythons
  3 bats
  6 endoplasms
  4 giant cockroaches
  3 goblins
  6 hobgoblins
  A jackal (D:1)
  3 quokkas
  6 frilled lizards
  4 kobolds
  5 rats
82 creatures vanquished.

Notes
Turn   | Place    | Note
-------+----------+-------------------------------------------
     0 | D:1      | oldmanjim the Ogre Enchanter began the quest for the Orb.
     0 | D:1      | Reached XP level 1. HP: 16/16 MP: 3/3
   210 | D:1      | Found a faded altar of an unknown god.
   220 | D:1      | Became a worshipper of Elyvilon the Healer
   220 | D:1      | Reached * piety under Elyvilon
   508 | D:1      | Reached XP level 2. HP: 24/26 MP: 5/5
   569 | D:1      | Reached skill level 1 in Fighting
  1150 | D:2      | Reached ** piety under Elyvilon
  1209 | D:2      | Reached XP level 3. HP: 33/35 MP: 5/7
  1325 | D:2      | Learned a level 2 spell: Ensorcelled Hibernation
  1389 | D:2      | Reached skill level 2 in Fighting
  1733 | D:2      | Found Uryrch's General Store.
  1740 | D:2      | Bought a scroll of teleportation for 30 gold pieces
  1912 | D:2      | Reached skill level 1 in Ice Magic
  2063 | D:2      | Reached XP level 4. HP: 36/44 MP: 3/8
  2228 | D:2      | Reached skill level 3 in Fighting
  2600 | D:3      | Reached *** piety under Elyvilon
  2813 | D:3      | Found Ydomax's Antique Armour Shoppe.
  3578 | D:4      | Reached XP level 5. HP: 49/53 MP: 8/10
  3649 | D:4      | Found a staircase to the Ecumenical Temple.
  3658 | Temple   | Entered the Ecumenical Temple
  3932 | Temple   | Fell from the grace of Elyvilon
  3932 | Temple   | Became a worshipper of Gozag Ym Sagoz the Greedy
  3967 | D:4      | Noticed a kobold brigand
  3987 | D:4      | Killed a kobold brigand
  3988 | D:4      | Reached skill level 4 in Fighting
  3992 | D:4      | Learned a level 3 spell: Dazzling Flash
  4204 | D:4      | Noticed a black bear
  4216 | D:4      | Killed a black bear
  4217 | D:4      | Reached skill level 5 in Fighting
  4217 | D:4      | Reached skill level 1 in Conjurations
  4217 | D:4      | Reached XP level 6. HP: 33/66 MP: 7/12
  4710 | D:4      | Noticed Sigmund
  4726 | D:4      | Killed Sigmund
  4727 | D:4      | Reached XP level 7. HP: 59/74 MP: 5/13
  4929 | D:4      | Reached skill level 6 in Fighting
  5538 | D:5      | Entered Level 5 of the Dungeon
  5566 | D:5      | Reached skill level 5 in Spellcasting
  5745 | D:5      | Found a runed translucent gate.
  5745 | D:5      | Found a runed translucent gate.
  5745 | D:5      | Found a runed translucent gate.
  5746 | D:5      | Noticed Strat's ghost (amateur MiMo)
  5766 | D:5      | Slain by an ogre

Illustrated notes

Levels and vault maps discovered:
D:1:      psy_arrival_fountain, layout_rooms, basic_ecumenical_altar,
          minmay_strange_pillars, minmay_octomino_j4
D:2:      layout_basic, serial_shops, nicolae_shop_crystal, minmay_vboxes
D:3:      layout_loops_cross, serial_shops, shop
D:4:      kennysheep_slugbush, layout_loops_ring,
          minmay_temple_entry_glassed_door, abandoned_shop, uniq_sigmund
D:5:      layout_loops_cross, gammafunk_ghost_split, bh_walls_and_bars,
          uniq_eustachio, uniq_pikel, uniq_blork_the_orc, uniq_menkaure
Temple:   nicolae_temple_the_god_donut

Skill      XL: |  1  2  3  4  5  6  7 |
---------------+----------------------+-----
Dodging        | 2 3 |  3.2
Fighting       | 1 2 3 5 6 |  6.0
Hexes          | 3 |  3.0
Spellcasting   | 3 4 5 |  5.0
Ice Magic      | 1 2 |  2.0
Conjurations   | 1 2 |  2.0
Short Blades   | |  0.8
Stealth        | |  2.1

Action                   |  1- 3 |  4- 6 |  7- 9 || total
-------------------------+-------+-------+-------++-------
Melee: Dagger            |   126 |   133 |    72 ||   331
Throw: Javelin           |       |     1 |       ||     1
       Dart              |       |       |     3 ||     3
 Cast: Ensorcelled Hiber |    10 |    24 |    11 ||    45
       Corona            |       |     1 |       ||     1
       Dazzling Flash    |       |     2 |     9 ||    11
  Use: Scroll            |       |     6 |     1 ||     7
 Stab: Sleeping          |     8 |    10 |     9 ||    27
       Invisible         |       |       |     1 ||     1
Armor: Robe              |    36 |    34 |    16 ||    86
Dodge: Dodged            |    59 |    79 |    45 ||   183
